 Dungeon Crawl Stone Soup version 0.29-a0-721-g7f417c9bbb (webtiles) character file.

Game seed: 13924897630087778778

48 hquester1 the Trooper (level 3, -2/33 HPs)
             Began as a Minotaur Fighter on June 27, 2022.
             Slain by a gnoll
             ... wielding a +0 flail
              (8 damage)
             ... on level 2 of the Dungeon.
             The game lasted 00:02:00 (838 turns).

hquester1 the Trooper (Minotaur Fighter)             Turns: 838, Time: 00:02:00

Health: -2/33      AC:  7    Str: 20    XL:     3   Next: 50%
Magic:  2/2        EV:  9    Int:  5    God:
Gold:   68         SH:  4    Dex: 11    Spells: 2/2 levels left

rFire   . . .      SeeInvis .   a - +0 flail
rCold   . . .      Faith    .   c - +0 buckler
rNeg    . . .      Spirit   .   b - +0 scale mail
rPois   .          Reflect  .   (helmet restricted)
rElec   .          Harm     .   (no cloak)
rCorr   .          Rampage  .   (no gloves)
Will    .....                   (no boots)
Stlth   ..........              (no amulet)
HPRegen 0.11/turn               (no ring)
MPRegen 0.08/turn               (no ring)

@: no status effects
A: horns 2, retaliatory headbutt
a: no special abilities


You were on level 2 of the Dungeon.
You visited 1 branch of the dungeon, and saw 2 of its levels.

You collected 68 gold pieces.

Inventory:

Hand Weapons
 a - a +0 flail (weapon)
 i - a +0 hand axe
Armour
 b - a +0 scale mail (worn)
 c - a +0 buckler (worn)
Scrolls
 e - a scroll of brand weapon {unknown}
 f - a scroll of fear {unknown}
 g - a scroll of fog {unknown}
Potions
 d - 2 potions of might
 h - a potion of magic {unknown}
 j - a potion of haste {unknown}
 k - a potion of resistance {unknown}


   Skills:
 + Level 4.1 Fighting
 + Level 3.1 Maces & Flails
 + Level 4.1 Armour
 + Level 1.0 Dodging
 + Level 4.1 Shields


You had 2 spell levels left.
You didn't know any spells.
Your spell library was empty.

Dungeon Overview and Level Annotations

Branches:
Dungeon (2/15)

Altars:

Shops:
D:1 [


Innate Abilities, Weirdness & Mutations

You have a pair of horns on your head.
You reflexively headbutt those who attack you in melee.


Message History

There is a stone staircase leading down here.
You climb downwards.
There is a stone staircase leading up here.
A gnoll comes into view. It is wielding a +0 flail. x2
A gnoll comes into view. It is wielding a +0 halberd.
The gnoll shouts!
The gnoll misses you.
You hit the gnoll.
The gnoll is lightly wounded.
The gnoll hits you but does no damage.
You thump the gnoll!
You kill the gnoll!
You hit the gnoll but do no damage. The gnoll barely misses you.
The gnoll hits you but does no damage. x2
Things that are here:
a +0 flail; a gnoll corpse You barely miss the gnoll.
You block the gnoll's attack.
A gnoll comes into view. It is wielding a +0 whip.
You block the gnoll's attack. The gnoll hits you but does no damage.
You block the gnoll's attack.
You sock the gnoll!
The gnoll is severely wounded.
The gnoll barely misses you. The gnoll hits you with a +0 halberd!
You closely miss the gnoll.
The gnoll is severely wounded.
The gnoll hits you with a +0 flail. You block the gnoll's attack.
You hit the gnoll.
You kill the gnoll!
The gnoll barely misses you. You block the gnoll's attack.
The gnoll hits you with a +0 flail!
Your Dodging skill increases to level 1!
You closely miss the gnoll.
You headbutt the gnoll, but do no damage.
You block the gnoll's attack. The gnoll hits you with a +0 flail.
You closely miss the gnoll. The gnoll hits you with a +0 flail.
* * * LOW HITPOINT WARNING * * *
The gnoll hits you with a +0 whip.
* * * LOW HITPOINT WARNING * * *
You closely miss the gnoll. The gnoll hits you with a +0 flail!
You die...

##########.# .#
.......<...# .#
.#########.####.#
# #......# .#
#####..##.#
#.....# #...#####
#.g......
#@#.##### #g#.#
#.#.# ....# #.#
..# ..# ..#


You could see 2 gnolls.

Vanquished Creatures
  2 gnolls (D:2)
  A dart slug (D:1)
  3 ball pythons (D:1)
  An endoplasm (D:1)
  4 goblins (D:1)
  4 hobgoblins (D:1)
  4 jackals (D:1)
  3 kobolds (D:1)
  A bat (D:1)
  2 rats (D:1)
25 creatures vanquished.

Vanquished Creatures (others)
  2 plants (D:1)
2 creatures vanquished.

Grand Total: 27 creatures vanquished

Notes
Turn   | Place    | Note
-------+----------+-------------------------------------------
     0 | D:1      | hquester1 the Minotaur Fighter began the quest for the Orb.
     0 | D:1      | Reached XP level 1. HP: 19/19 MP: 0/0
   146 | D:1      | Reached XP level 2. HP: 27/27 MP: 1/1
   488 | D:1      | Found Tiuvuxt's Antique Armour Shoppe.
   546 | D:1      | Reached XP level 3. HP: 33/33 MP: 2/2
   836 | D:2      | Reached skill level 1 in Dodging
   838 | D:2      | Slain by a gnoll

Illustrated notes

Levels and vault maps discovered:
D:1:      lightli_iron_boxes, layout_rooms, serial_shops, shop,
          serial_bayou_lagoon_b
D:2:      layout_loops_ring, uniq_terence, uniq_sigmund, uniq_robin

Skill      XL: |  1  2  3 |
---------------+----------+-----
Fighting       | 4 |  4.1
Armour         | 4 |  4.1
Shields        | 4 |  4.1
Maces & Flails | 3 |  3.1
Dodging        | 1 |  1.0

Action                   || total
-------------------------++-------
Melee: Flail             ||    60
       Headbutt          ||     6
Armor: Scale mail        ||    41
Dodge: Dodged            ||    32
Block: Buckler           ||    19

Table legend: (Time is in decaauts)
 A = Elapsed time spent in this place.
 B = Non-inter-level travel time spent in this place.
 C = Inter-level travel time spent in this place.
 D = Time resting spent in this place.
 E = Time spent auto-exploring this place.
 F = Levels seen in this place.
 G = Mean time per level.
                   A        B        C        D        E       F      G
               +--------+--------+--------+--------+--------+-----+--------+
         Total |    877 |    857 |     20 |      0 |    633 |   2 |  438.5 |
       Dungeon |    877 |    857 |     20 |      0 |    633 |   2 |  438.5 |
               +--------+--------+--------+--------+--------+-----+--------+

Top non-repeatable levels by time:
     D:1: 850 daAuts
     D:2: 26 daAuts
